[ AOE2 MATCH · #477792731 ]
1v1 RMPersians vs Aztecs
Player's team · WIN
Rival team · LOSS
[ REPLAY ANALYSIS · EXTRACTED FROM THE RECORDED GAME ]
Feudal
10:15
Castle
17:29
Imperial
—
| APM avg | 13.6 |
| APM peak | 58 |
| eAPM avg | 7.8 |
| Villagers / military | 41 / 11 |
Focus
⚔️ 14.9% · 🌾 85.1%
Knight ×11
Feudal
12:32
Castle
17:30
Imperial
—
| APM avg | 14.7 |
| APM peak | 49 |
| eAPM avg | 9.6 |
| Villagers / military | 35 / 5 |
Focus
⚔️ 15.5% · 🌾 84.5%
Fishing Ship ×3 · Jaguar Warrior ×3 · Eagle Scout ×2
Match map
Initial resources + every placement click. Lines = walls · curves = elevation contours. ◆ gold · ⬟ stone · ● berries · ✦ relic · ◌ wall gap
Your base· Open — unwalled flank
QualityLiquorice's base· Open — unwalled flank
Smoothed initial terrain · ◌ = detected wall gap · hover for details
Inputs per minute
— Turqui - - QualityLiquorice
Build order — Turqui
98 actions detected in the replay
| 0:01 | Create | Villager (Male) |
| 0:02 | Create | Villager (Male) |
| 0:02 | Create | Villager (Male) |
| 0:03 | Build | House |
| 0:05 | Build | House |
| 0:40 | Create | Villager (Male) |
| 0:40 | Create | Villager (Male) |
| 1:22 | Create | Villager (Male) |
| 1:22 | Create | Villager (Male) |
| 2:07 | Create | Villager (Male) |
| 2:43 | Create | Villager (Male) |
| 3:09 | Create | Villager (Male) |
| 3:20 | Build | House |
| 3:23 | Create | Villager (Male) |
| 3:59 | Build | Mill |
| 4:05 | Create | Villager (Male) |
| 4:08 | Create | Villager (Male) |
| 4:23 | Build | Lumber Camp |
| 4:38 | Create | Villager (Male) |
| 5:34 | Create | Villager (Male) |
| 5:47 | Research | Loom |
| 5:59 | Build | Mill |
| 6:20 | Build | House |
| 6:25 | Create | Villager (Male) |
| 6:26 | Create | Villager (Male) |
| 6:45 | Create | Villager (Male) |
| 6:47 | Create | Villager (Male) |
| 8:11 | Research | Feudal Age |
| 8:27 | Build | Lumber Camp |
| 8:35 | Build | House |
| 8:44 | Create | Villager (Male) |
| 9:17 | Build | Barracks |
| 9:22 | Build | House |
| 9:31 | Create | Villager (Male) |
| 10:15 | Age | Feudal Age |
| 10:18 | Create | Villager (Male) |
| 10:26 | Build | Farm |
| 10:27 | Build | Farm |
| 10:29 | Build | Farm |
| 10:33 | Build | Farm |
| 10:37 | Research | Double-Bit Axe |
| 11:19 | Build | Stable |
| 12:03 | Build | Blacksmith |
| 12:08 | Create | Villager (Male) |
| 12:09 | Create | Villager (Male) |
| 12:31 | Build | Palisade Wall |
| 12:39 | Build | Farm |
| 12:57 | Build | Market |
| 13:00 | Build | Farm |
| 13:03 | Create | Villager (Male) |
| 13:13 | Build | Mining Camp |
| 13:24 | Create | Villager (Male) |
| 13:29 | Build | Farm |
| 13:49 | Create | Villager (Male) |
| 14:24 | Create | Villager (Male) |
| 15:03 | Research | Castle Age |
| 15:23 | Build | Farm |
| 15:27 | Build | Farm |
| 15:37 | Build | Stable |
| 16:04 | Build | Farm |
| 16:07 | Build | Farm |
| 16:13 | Research | Horse Collar |
| 16:36 | Build | Farm |
| 16:40 | Research | Wheelbarrow |
| 16:43 | Create | Villager (Male) |
| 17:29 | Age | Castle Age |
| 17:48 | Build | Mining Camp |
| 17:56 | Create | Villager (Male) |
| 17:56 | Create | Villager (Male) |
| 17:59 | Create | Knight |
| 18:02 | Create | Knight |
| 18:03 | Create | Knight |
| 18:14 | Create | Villager (Male) |
| 18:27 | Build | Farm |
| 18:34 | Create | Knight |
| 18:41 | Build | House |
| 18:42 | Build | House |
| 19:17 | Research | Bloodlines |
| 19:20 | Create | Knight |
| 19:31 | Create | Villager (Male) |
| 20:02 | Create | Villager (Male) |
| 20:08 | Build | Town Center |
| 20:11 | Create | Villager (Male) |
| 20:15 | Build | Farm |
| 21:24 | Create | Knight |
| 21:24 | Create | Knight |
| 21:25 | Create | Knight |
| 21:25 | Create | Knight |
| 21:26 | Create | Knight |
| 21:26 | Create | Knight |
| 21:27 | Create | Villager (Male) |
| 21:27 | Create | Villager (Male) |
| 21:28 | Create | Villager (Male) |
| 21:42 | Create | Villager (Male) |
| 21:43 | Create | Villager (Male) |
| 21:43 | Create | Villager (Male) |
| 21:48 | Build | Farm |
| 21:51 | Build | Farm |
Build order — QualityLiquorice
91 actions detected in the replay
| 0:00 | Create | Villager (Male) |
| 0:01 | Create | Villager (Male) |
| 0:01 | Create | Villager (Male) |
| 0:02 | Build | House |
| 0:05 | Build | House |
| 0:33 | Create | Villager (Male) |
| 0:33 | Create | Villager (Male) |
| 1:36 | Create | Villager (Male) |
| 1:36 | Create | Villager (Male) |
| 2:13 | Build | Lumber Camp |
| 2:18 | Build | House |
| 2:23 | Create | Villager (Male) |
| 2:23 | Create | Villager (Male) |
| 2:23 | Create | Villager (Male) |
| 2:23 | Create | Villager (Male) |
| 2:31 | Research | Loom |
| 3:46 | Create | Villager (Male) |
| 3:46 | Create | Villager (Male) |
| 3:46 | Create | Villager (Male) |
| 5:22 | Create | Villager (Male) |
| 5:22 | Create | Villager (Male) |
| 5:23 | Create | Villager (Male) |
| 5:23 | Create | Villager (Male) |
| 5:23 | Create | Villager (Male) |
| 6:05 | Build | Dock |
| 6:10 | Create | Villager (Male) |
| 6:10 | Create | Villager (Male) |
| 6:26 | Build | Mill |
| 6:29 | Create | Villager (Male) |
| 6:29 | Create | Villager (Male) |
| 7:00 | Build | House |
| 7:05 | Build | House |
| 7:09 | Create | Villager (Male) |
| 7:23 | Build | Mill |
| 7:27 | Create | Villager (Male) |
| 8:02 | Create | Villager (Male) |
| 8:02 | Create | Villager (Male) |
| 8:02 | Create | Villager (Male) |
| 8:44 | Create | Fishing Ship |
| 8:52 | Create | Fishing Ship |
| 8:59 | Create | Villager (Male) |
| 9:26 | Build | Farm |
| 9:52 | Build | Farm |
| 10:06 | Research | Feudal Age |
| 10:37 | Build | House |
| 10:38 | Build | House |
| 11:07 | Build | Barracks |
| 11:39 | Build | House |
| 11:49 | Build | Farm |
| 11:59 | Create | Villager (Male) |
| 11:59 | Create | Villager (Male) |
| 12:32 | Age | Feudal Age |
| 12:37 | Research | Double-Bit Axe |
| 12:56 | Research | Horse Collar |
| 13:18 | Build | Farm |
| 13:40 | Build | Blacksmith |
| 14:23 | Build | Archery Range |
| 14:42 | Build | Mining Camp |
| 14:50 | Research | Castle Age |
| 15:12 | Research | Stone Mining |
| 15:35 | Build | House |
| 15:36 | Build | House |
| 15:54 | Build | Farm |
| 16:23 | Build | Lumber Camp |
| 16:46 | Create | Fishing Ship |
| 17:04 | Research | Arson |
| 17:05 | Create | Eagle Scout |
| 17:08 | Research | Forging |
| 17:08 | Research | Scale Mail Armor |
| 17:17 | Build | Farm |
| 17:20 | Build | Farm |
| 17:26 | Build | Farm |
| 17:30 | Age | Castle Age |
| 18:13 | Research | Iron Casting |
| 18:49 | Build | Castle |
| 19:05 | Research | Squires |
| 19:15 | Build | Barracks |
| 19:32 | Create | Villager (Male) |
| 19:33 | Create | Villager (Male) |
| 19:43 | Build | Farm |
| 19:47 | Build | Farm |
| 19:59 | Create | Villager (Male) |
| 19:59 | Create | Villager (Male) |
| 20:05 | Build | Farm |
| 20:08 | Build | Farm |
| 20:11 | Build | Farm |
| 20:15 | Build | Farm |
| 20:18 | Build | Farm |
| 20:35 | Create | Eagle Scout |
| 20:58 | Create | Jaguar Warrior ×3 |
| 21:19 | Build | Mining Camp |
Match timeline
| 6:05 | QualityLiquorice · first_building Dock |
| 9:17 | Turqui · first_building Barracks |
| 10:15 | Turqui · age_up feudal |
| 11:07 | QualityLiquorice · first_building Barracks |
| 11:19 | Turqui · first_building Stable |
| 12:31 | Turqui · wall_segment Palisade Wall x1 |
| 12:32 | QualityLiquorice · age_up feudal |
| 14:23 | QualityLiquorice · first_building Archery Range |
| 14:47 | Turqui · first_market_sell 100 stone |
| 17:29 | Turqui · age_up castle |
| 17:30 | QualityLiquorice · age_up castle |
| 18:49 | QualityLiquorice · first_building Castle |
| 22:47 | QualityLiquorice · resign |
[ AI ANALYSIS · 1 CREDIT ]
What really happened in this match?
Wolo.gg analyzes every decision: build order, eco, micro, common mistakes by bracket. Personalized analysis on WhatsApp or Discord in 30 seconds.
Civ guide
Persians
Map guide
Cenotes
Perfil
Turqui